 Dungeon Crawl Stone Soup version 0.28-a0-728-g0181a31188 (webtiles) character file.

Game seed: 7862928698792054362

3250 Craquet the Fighter (level 9, 0/94 HPs)
             Began as a Minotaur Berserker on Oct 28, 2021.
             Was an Elder of Trog.
             Slain by a troll (5 damage)
             ... on level 8 of the Dungeon.
             The game lasted 00:36:21 (9216 turns).

Craquet the Fighter (Minotaur Berserker)            Turns: 9216, Time: 00:36:22

Health: 0/94       AC:  8    Str: 26    XL:     9   Next: 67%
Magic:  8/8        EV:  8    Int:  4    God:    Trog [****..]
Gold:   601        SH:  0    Dex:  9    Spells: 8/8 levels left

rFire   . . .      SeeInvis .   A - +0 broad axe
rCold   . . .      Faith    .   (no shield)
rNeg    . . .      Spirit   .   l - +0 chain mail
rPois   .          Reflect  .   (helmet restricted)
rElec   .          Harm     .   (no cloak)
rCorr   .          Rampage  .   (no gloves)
Will    .....                   (no boots)
Stlth   ..........              y - amulet of the acrobat
HPRegen 0.25/turn               (no ring)
MPRegen 0.11/turn               (no ring)

@: no status effects
A: horns 2, retaliatory headbutt
a: Renounce Religion, Berserk, Trog's Hand, Brothers in Arms


You were on level 8 of the Dungeon.
You worshipped Trog.
Trog was greatly pleased with you.
You visited 1 branch of the dungeon, and saw 8 of its levels.

You collected 601 gold pieces.

Inventory:

Hand Weapons
 a - a +0 hand axe
 A - a +0 broad axe (weapon)
 C - a +0 club
Missiles
 h - 7 boomerangs (quivered)
 G - 23 poisoned darts
Armour
 b - a +0 animal skin
 d - the +3 leather armour of the Ladybird {+Blink rElec Will+ SInv}
   (You found it on level 7 of the Dungeon)

   rElec:     It insulates you from electricity.
   SInv:      It lets you see invisible.
   +Blink:    It lets you blink.
   Will:      It increases your willpower.
 f - a +0 ring mail
 l - a +0 chain mail (worn)
 L - a +0 scale mail
Jewellery
 c - an amulet of reflection
 q - a ring of see invisible
 y - an amulet of the acrobat (around neck)
 D - a ring of wizardry
 F - an amulet of the acrobat
 I - an amulet of faith
 M - a ring of willpower
Wands
 z - a wand of paralysis (10)
Scrolls
 e - 2 scrolls of magic mapping {unknown}
 i - a scroll of fear
 k - 4 scrolls of enchant armour
 m - a scroll of acquirement {unknown}
 n - 2 scrolls of enchant weapon {unknown}
 s - 2 scrolls of holy word {unknown}
 v - a scroll of fog {unknown}
 x - 2 scrolls of teleportation
 E - 2 scrolls of immolation {unknown}
 H - a scroll of blinking {unknown}
 J - a scroll of identify
 N - a scroll of brand weapon {unknown}
Potions
 g - 2 potions of brilliance {unknown}
 j - 3 potions of ambrosia
 o - 4 potions of heal wounds
 p - 2 potions of flight {unknown}
 r - 5 potions of curing
 t - 2 potions of might
 u - 2 potions of lignification {unknown}
 w - 3 potions of haste
 B - 2 potions of attraction {unknown}
 K - 2 potions of degeneration {unknown}


   Skills:
 * Level 13.6 Fighting
 + Level 10.2 Axes
 - Level 2.4 Armour
 - Level 2.1 Dodging


You had 8 spell levels left.
You didn't know any spells.
Your spell library was empty.

Dungeon Overview and Level Annotations

Branches:
Dungeon (8/15)             Temple (0/1) D:6            Lair (0/6) D:8

Altars:
Ashenzari
Gozag
Kikubaaqudgha
Makhleb
Nemelex Xobeh
Okawaru
Qazlal
Vehumet
Xom
Zin
The Shining One


Innate Abilities, Weirdness & Mutations

You have a pair of horns on your head.
You reflexively headbutt those who attack you in melee.


Message History

You are too injured to fight recklessly!
You are too injured to fight recklessly!
You closely miss the troll. Your headbutt misses the troll.
The troll is heavily wounded.
The troll bites you but does no damage. The troll claws you!
The troll barely misses you.
You hit the troll. Your headbutt misses the troll.
The troll is heavily wounded.
The troll bites you but does no damage. The troll claws you. x2
The troll bites you but does no damage. The troll barely misses you.
The troll claws you.
* * * LOW HITPOINT WARNING * * *
You closely miss the troll.
The troll is heavily wounded.
The troll bites you but does no damage. The troll claws you.
* * * LOW HITPOINT WARNING * * *
The troll claws you but does no damage.
As you read the scroll of teleportation, it crumbles to dust.
You feel strangely unstable. The troll bites you.
* * * LOW HITPOINT WARNING * * *
The troll claws you.
* * * LOW HITPOINT WARNING * * *
The troll claws you.
* * * LOW HITPOINT WARNING * * *
You barely miss the troll. You headbutt the troll.
The troll is heavily wounded.
The troll bites you but does no damage. The troll claws you.
* * * LOW HITPOINT WARNING * * *
The troll closely misses you.
You barely miss the troll.
The troll is heavily wounded.
The troll bites you but does no damage. The troll claws you.
* * * LOW HITPOINT WARNING * * *
The troll claws you!
* * * LOW HITPOINT WARNING * * *
As you read the scroll of teleportation, it crumbles to dust.
You feel strangely stable. The troll bites you.
* * * LOW HITPOINT WARNING * * *
The troll claws you.
You die...

........# #..# ...
#.##...# .......#
#..###...# #..#.#.#
#.....# ##........#
#.##'''#
#.....#####........#
#.......
####......#...........#
#.##.#.#
#.....................+
#.##...#
#.#......###.......^.#
#.###..#
..........###...T....#
#.# ##.# ..###.....#
###.@##### #.# #..
.#...#....# ##.#..# #.#
#.. .#.⌠.#.##.# #.'..#
#.# #.> S#...#.# .#
###†.# #.# ### ≈≈###≈.#
.# #..# #.# ≈≈≈ ...
#### #.# ≈≈≈≈ .. #.#
≈≈### #.# ≈#. #.######


You could see a troll.

Vanquished Creatures
  A komodo dragon (D:8)
  A troll (D:8)
  An orc warrior (D:7)
  4 sky beasts
  A black bear (D:6)
  3 necrophages
  An ice beast (D:5)
  2 centaurs
  2 ogres
  A phantom (D:6)
  A bullfrog (D:8)
  5 scorpions
  5 wights
  5 killer bees (D:8)
  A howler monkey (D:8)
  A crimson imp (D:6)
  A centaur zombie (D:6)
  2 hounds
  2 orc priests
  2 jellies
  4 centaur skeletons
  A bullfrog skeleton (D:6)
  An orc wizard (D:6)
  2 killer bee zombies
  A howler monkey zombie (D:3)
  7 gnolls
  9 adders
  2 shadow imps
  A white imp (D:7)
  An ufetubus (D:4)
  2 dart slugs
  A worm (D:3)
  11 orcs
  7 bats
  9 endoplasms
  3 giant cockroaches (D:3)
  4 goblins
  4 hobgoblins
  2 jackals (D:5)
  5 kobolds
  5 quokkas
  4 ball pythons
  2 frilled lizards (D:3)
  A quokka skeleton (D:3)
  7 rats
138 creatures vanquished.

Vanquished Creatures (others)
  4 plants
4 creatures vanquished.

Grand Total: 142 creatures vanquished

Notes
Turn   | Place    | Note
-------+----------+-------------------------------------------
     0 | D:1      | Craquet the Minotaur Berserker began the quest for the Orb.
     0 | D:1      | Reached XP level 1. HP: 19/19 MP: 0/0
   380 | D:1      | Reached skill level 4 in Fighting
   558 | D:1      | Reached XP level 2. HP: 27/27 MP: 1/1
  1212 | D:2      | Reached XP level 3. HP: 33/35 MP: 2/2
  1370 | D:2      | Reached skill level 5 in Fighting
  1385 | D:2      | Found a faded altar of an unknown god.
  1520 | D:2      | Found a broken altar of Ashenzari.
  1552 | D:2      | Reached ** piety under Trog
  2140 | D:3      | Reached XP level 4. HP: 42/42 MP: 3/3
  2529 | D:3      | Reached skill level 6 in Fighting
  2551 | D:3      | Reached XP level 5. HP: 50/50 MP: 4/4
  2576 | D:3      | Reached skill level 5 in Axes
  3029 | D:3      | Found an iron altar of Okawaru.
  3030 | D:3      | Found an ancient bone altar of Kikubaaqudgha.
  3030 | D:3      | Found an opulent altar of Gozag.
  3031 | D:3      | Found a stormy altar of Qazlal.
  3364 | D:4      | Found a sparkling altar of Nemelex Xobeh.
  3440 | D:4      | Reached skill level 7 in Fighting
  3440 | D:4      | Reached XP level 6. HP: 38/60 MP: 5/5
  3647 | D:4      | Found a glowing golden altar of the Shining One.
  4197 | D:5      | Entered Level 5 of the Dungeon
  4197 | D:5      | Found the +2 robe of Vines {NoPotionHeal Regen+++}
  4279 | D:5      | Reached *** piety under Trog
  4280 | D:5      | Reached skill level 8 in Fighting
  4388 | D:5      | Noticed a sky beast
  4407 | D:5      | Killed a sky beast
  4408 | D:5      | Reached XP level 7. HP: 69/69 MP: 6/6
  4670 | D:5      | Found a sand-covered staircase.
  5031 | D:5      | Reached skill level 9 in Fighting
  5360 | D:6      | Reached XP level 8. HP: 79/79 MP: 7/7
  5605 | D:6      | Reached skill level 10 in Fighting
  6357 | D:6      | Reached skill level 11 in Fighting
  6384 | D:6      | Found a staircase to the Ecumenical Temple.
  6614 | D:6      | Found a shimmering altar of Xom.
  6616 | D:6      | Found a burning altar of Makhleb.
  6751 | D:7      | Identified the +3 leather armour of the Ladybird {+Blink
                  | rElec Will+ SInv}
  6877 | D:7      | Reached skill level 12 in Fighting
  6877 | D:7      | Reached XP level 9. HP: 65/89 MP: 8/8
  7386 | D:7      | Found a radiant altar of Vehumet.
  7386 | D:7      | Found a glowing silver altar of Zin.
  7912 | D:8      | Reached **** piety under Trog
  8203 | D:8      | Noticed a troll
  8326 | D:8      | Killed a troll
  8327 | D:8      | Reached skill level 13 in Fighting
  8722 | D:8      | Found a staircase to the Lair.
  8723 | D:8      | Noticed a komodo dragon
  8742 | D:8      | Killed a komodo dragon
  8743 | D:8      | Reached skill level 10 in Axes
  9204 | D:8      | Noticed a troll
  9216 | D:8      | Slain by a troll

Illustrated notes

Levels and vault maps discovered:
D:1:      dpeg_arrival_arbitrary_b, layout_basic, serial_corexii_hall,
          chequers_hall_statues_corner_a, corexii_hall_statues_l,
          corexii_hall_statues_i, chequers_serial_rivers_micro_b,
          minmay_domino_4
D:2:      layout_basic, ebering_ecumenical_altar_sacrificial, basic_altar
D:3:      layout_basic, chequers_temple_overflow_statue_of_worship,
          grunt_decor_junction, minmay_joined_circles
D:4:      layout_loops_cross, kennysheep_little_box, nemelex_spade_bored_becter,
          minmay_unequal
D:5:      layout_cave_pools, serial_bayou, serial_bayou_shore_a,
          serial_bayou_ford_a, serial_bayou_lagoon_a, serial_bayou_pond_d,
          enter_ossuary_5, hangedman_abyss_or_decor_passed, corner_web_ring
D:6:      kennysheep_six_static_rooms, layout_rooms,
          grunt_temple_overflow_champion_of_chaos, temple_statues, minivault_10
D:7:      layout_basic, gammafunk_temple_overflow_wave
D:8:      wad_cavern_with_rooms, layout_basic, david_lair_shrubbed,
          fountainhead, eino_jars

Skill      XL: |  1  2  3  4  5  6  7  8  9 |
---------------+----------------------------+-----
Fighting       | 4 5 6 7 8 9 12 13 | 13.6
Axes           | 4 5 6 7 8 10 | 10.2
Armour         | |  2.4
Dodging        | |  2.1

Action                   |  1- 3 |  4- 6 |  7- 9 || total
-------------------------+-------+-------+-------++-------
Melee: Hand axe          |    74 |    83 |       ||   157
       Headbutt          |     9 |    16 |    43 ||    68
       Broad axe         |       |    29 |   206 ||   235
Throw: Boomerang         |       |    12 |    11 ||    23
Invok: Berserk           |       |     2 |     7 ||     9
  Use: Scroll            |       |     2 |    10 ||    12
Armor: Animal skin       |     3 |       |       ||     3
       Ring mail         |    19 |       |       ||    19
       Chain mail        |     6 |    45 |   111 ||   162
Dodge: Dodged            |    48 |    59 |   124 ||   231
Block: Other             |    11 |    22 |     5 ||    38

Table legend: (Time is in decaauts)
 A = Elapsed time spent in this place.
 B = Non-inter-level travel time spent in this place.
 C = Inter-level travel time spent in this place.
 D = Time resting spent in this place.
 E = Time spent auto-exploring this place.
 F = Levels seen in this place.
 G = Mean time per level.
                   A        B        C        D        E       F      G
               +--------+--------+--------+--------+--------+-----+--------+
         Total |   9406 |   9280 |    126 |   1519 |   6233 |   8 | 1175.8 |
       Dungeon |   9406 |   9280 |    126 |   1519 |   6233 |   8 | 1175.8 |
               +--------+--------+--------+--------+--------+-----+--------+

Top non-repeatable levels by time:
     D:6: 1558 daAuts
     D:8: 1422 daAuts
     D:3: 1342 daAuts
     D:7: 1191 daAuts
     D:1: 1177 daAuts
     D:4: 1098 daAuts
     D:5: 1016 daAuts
     D:2: 599 daAuts
